 Dungeon Crawl Stone Soup version 0.16.2-12-gd0ad4c3 (webtiles) character file.

354 Iehaaru the Cleaver (level 6, -6/51 HPs)
             Began as a Hill Orc Fighter on Sept 24, 2015.
             Was an Initiate of Qazlal.
             Killed by divine providence
             ... invoked by an orc priest
              (13 damage)
             ... on level 4 of the Dungeon.
             The game lasted 00:13:27 (2282 turns).

Iehaaru the Cleaver (Hill Orc Fighter)              Turns: 2282, Time: 00:13:29

Health: -6/51      AC:  8    Str: 30    XL:     6   Next: 63%
Magic:  6/6        EV:  7    Int:  8    God:    Qazlal [......]
Gold:   174        SH: 10    Dex: 10    Spells: 0 memorised, 5 levels left

rFire  + . .     SeeInvis .     B - -3 war axe (curse)
rCold  . . .     Clarity  .     f - +0 scale mail {rF+}
rNeg   . . .     SustAb   .     c - +0 shield
rPois  .         Gourm    .     (no helmet)
rElec  .         Spirit   .     (no cloak)
rCorr  .         Warding  .     t - +0 pair of gloves
rMut   .         Stasis   .     (no boots)
MR     .....                    (no amulet)
Stlth  ..........               (no ring)
                                z - +4 ring of strength

@: mighty, drained, not resistant to hostile enchantments, extremely unstealthy
A: no striking features
a: Renounce Religion, Convert to Beogh


You were on level 4 of the Dungeon.
You worshipped Qazlal.
Qazlal was noncommittal.
You were very hungry.

You visited 1 branch of the dungeon, and saw 4 of its levels.

You collected 174 gold pieces.

Inventory:

Hand weapons
 a - a +0 war axe
 l - a +1 hand axe of chopping
 n - a cursed -1 whip
 B - a cursed -3 war axe (weapon)
Missiles
 j - 14 bolts
 A - 2 tomahawks (quivered)
Armour
 b - a +0 scale mail
 c - a +0 shield (worn)
 f - a +0 scale mail of fire resistance (worn)
 m - a +0 plate armour
 t - a +0 pair of gloves (worn)
Jewellery
 z - a +4 ring of strength (left hand)
Scrolls
 r - a scroll of identify
 y - a scroll of blinking
Potions
 h - a potion of resistance {unknown}
 v - 2 potions of flight {unknown}
 w - a potion of poison {unknown}
 x - a potion of berserk rage {unknown}
Comestibles
 d - 3 meat rations
 s - 2 bread rations


   Skills:
 - Level 3.6(3.5) Fighting
 + Level 9.0 Axes
 - Level 3.2 Armour
 - Level 3.2 Shields


You had 5 spell levels left.
You didn't know any spells.

Dungeon Overview and Level Annotations

Branches:
Dungeon (4/15)
 Temple: D:4-7

Altars:
Fedhas
Nemelex Xobeh
Qazlal

Shops:
D:4 (


Message History

Qazlal accepts your kill.
The orc priest calls down the wrath of Beogh upon you.
Something smites you!
* * * LOW HITPOINT WARNING * * *
You closely miss the orc. You hit the orc priest.
The orc priest shouts, "Join the one true god or die!"
The orc priest is moderately wounded.
You barely miss the orc.
The orc priest shouts, "Join the one true god or die!"
The orc priest barely misses you. The orc hits you with a falchion.
* * * LOW HITPOINT WARNING * * *
You hit the orc priest.
The orc priest is moderately wounded.
You slash the orc!
You kill the orc!
Qazlal accepts your kill.
The orc priest invokes the aid of Beogh against you.
Something smites you!
You die...

#..........#
#..........#
#..........#
#..........#
#..<...$...# ..
#######.####..#####o..##
...)))....∩....).ooloo..
....###########o#######.
....# #.)@# ....# #...#
....# #...# ....# #...#
###.# ..... #.. ..####
... .## ... ...


You could see an orc priest.

Vanquished Creatures
  A scorpion (D:4)
  An orc priest (D:4)
  An iguana (D:4)
  4 orc wizards
  2 adders
  3 gnolls (D:4)
  A worm (D:2)
  3 giant geckos
  An ooze (D:1)
  12 orcs
  6 giant cockroaches
  7 goblins
  13 hobgoblins
  6 kobolds
  2 quokkas (D:3)
  A ball python (D:3)
  8 bats
  2 giant newts
  A jackal (D:1)
  9 rats
84 creatures vanquished.

Notes
Turn   | Place    | Note
--------------------------------------------------------------
     0 | D:1      | Iehaaru, the Hill Orc Fighter, began the quest for the Orb.
     0 | D:1      | Reached XP level 1. HP: 19/19 MP: 1/1
    41 | D:1      | Reached XP level 2. HP: 23/26 MP: 2/2
   151 | D:1      | Reached skill level 4 in Axes
   634 | D:2      | Reached XP level 3. HP: 29/31 MP: 3/3
   783 | D:2      | Reached skill level 5 in Axes
   936 | D:2      | Reached XP level 4. HP: 39/39 MP: 4/4
  1493 | D:3      | Reached skill level 6 in Axes
  1606 | D:3      | Found a sparkling altar of Nemelex Xobeh.
  1661 | D:3      | Reached XP level 5. HP: 38/45 MP: 5/5
  1880 | D:3      | Found a stormy altar of Qazlal.
  1893 | D:3      | Became a worshipper of Qazlal Stormbringer
  1938 | D:3      | Found a blossoming altar of Fedhas.
  2148 | D:4      | Found Thraasm's Weapon Boutique.
  2176 | D:4      | Reached skill level 7 in Axes
  2211 | D:4      | Reached skill level 8 in Axes
  2211 | D:4      | Reached XP level 6. HP: 48/51 MP: 6/6
  2278 | D:4      | Reached skill level 9 in Axes
  2282 | D:4      | Killed from afar by an orc priest

Action                   |  1- 3 |  4- 6 || total
-------------------------+-------+-------++-------
Melee: War axe           |    72 |   105 ||   177
       Hand axe          |    53 |    90 ||   143
  Use: Scroll            |     1 |     7 ||     8
       Potion            |       |     5 ||     5
  Eat: Chunk             |       |     4 ||     4
